 Dungeon Crawl Stone Soup version 0.21-a0-401-g0b6bec4 (webtiles) character file.

51 Shymer the Charmwright (level 3, -7/28 HPs)
             Began as a Merfolk Skald on Oct 25, 2017.
             Mangled by an iguana (12 damage)
             ... on level 4 of the Dungeon.
             The game lasted 00:13:05 (1345 turns).

Shymer the Charmwright (Merfolk Skald)              Turns: 1345, Time: 00:13:06

Health: -7/28      AC:  3    Str: 12    XL:     3   Next: 81%
Magic:  3/6        EV: 12    Int: 12    God:
Gold:   110        SH:  0    Dex: 13    Spells: 3/6 levels left

rFire    . . .     SeeInvis .   k - +0 spear
rCold    . . .     Gourm    .   (no shield)
rNeg     . . .     Faith    .   b - +0 leather armour
rPois    .         Spirit   .   (no helmet)
rElec    .         Reflect  .   (no cloak)
rCorr    .         Harm     .   (no gloves)
MR       .....                  (no boots)
Stlth    +.........             (no amulet)
HPRegen  0.09/turn              (no ring)
MPRegen  0.10/turn              (no ring)

@: infused
A: change form in water, swift swim, stealthy swim
a: no special abilities


You were on level 4 of the Dungeon.
You were not hungry.

You visited 1 branch of the dungeon, and saw 3 of its levels.

You collected 110 gold pieces.

Inventory:

Hand Weapons
 a - a +0 hand axe
 e - a +0 club
 f - a +0 hand axe
 k - a +0 spear (weapon)
 o - a +0 spear
Missiles
 g - 20 arrows
 t - 25 bolts
Armour
 b - a +0 leather armour (worn)
 i - a +0 robe
Scrolls
 m - a scroll of immolation {unknown}
 n - a scroll of identify {unknown}
 q - a scroll of remove curse {unknown}
Potions
 l - a potion of brilliance {unknown}
 p - a potion of ambrosia {unknown}
 r - a potion of magic {unknown}
 s - a potion of berserk rage {unknown}
Books
 c - a book of Battle

   Spells                             Type                      Level
   a - Infusion                       Charms                       1
   b - Shroud of Golubria             Charms/Translocation         2
   c - Song of Slaying                Charms                       2
   d - Spectral Weapon                Hexes/Charms                 3
   e - Regeneration                   Charms/Necromancy            3
Comestibles
 d - 2 bread rations
 h - a royal jelly
 j - a meat ration


   Skills:
 + Level 2.4 Fighting
 - Level 1.9(2.0) Axes
 * Level 1.9(3.0) Polearms
 - Level 0.6 Armour
 + Level 3.0 Dodging
 + Level 0.6 Stealth
 - Level 2.1 Spellcasting
 + Level 4.0 Charms


You had 3 spell levels left.
You knew the following spells:

 Your Spells              Type           Power        Failure   Level  Hunger
a - Infusion              Chrm           ##..         6%          1    ##.....
b - Shroud of Golubria    Chrm/Tloc      #.........   22%         2    ###....


Dungeon Overview and Level Annotations

Branches:
Dungeon (2/15)

Altars:


Message History

The iguana is heavily wounded.
The iguana closely misses you.
You hit the iguana.
The iguana is severely wounded.
The iguana bites you!
You hit the iguana but do no damage.
The iguana is severely wounded.
The iguana bites you!
* * * LOW HITPOINT WARNING * * *
Okay, then.
You barely miss the iguana.
The iguana is severely wounded.
The iguana closely misses you.
You hit the iguana.
The iguana is almost dead.
The iguana closely misses you.
You hit the iguana but do no damage.
The iguana is almost dead.
The iguana bites you!
You die...

####
..#
#l#
#@#
#.#
#.#
#.#
#..
###


You could see an iguana.

Vanquished Creatures
  2 adders (D:2)
  A dart slug (D:1)
  A leopard gecko (D:1)
  4 goblins
  7 hobgoblins
  2 jackals (D:1)
  3 kobolds
  2 bats
  A frilled lizard (D:1)
  7 rats
30 creatures vanquished.

Notes
Turn   | Place    | Note
-------+----------+-------------------------------------------
     0 | D:1      | Shymer the Merfolk Skald began the quest for the Orb.
     0 | D:1      | Reached XP level 1. HP: 16/16 MP: 3/3
   135 | D:1      | Reached XP level 2. HP: 20/22 MP: 5/5
   571 | D:1      | Reached skill level 1 in Polearms
   747 | D:1      | Reached XP level 3. HP: 19/27 MP: 6/6
   966 | D:2      | Reached skill level 4 in Charms
  1012 | D:2      | Learned a level 2 spell: Shroud of Golubria
  1332 | D:2      | You fall through a shaft for 2 floors!
  1345 | D:4      | Mangled by an iguana

Vault maps used:
D:1:      elethiomel_arrival_quiet
D:2:      minmay_liquid_box
D:4:      nemelex_altar_shiori, minmay_temple_entry_hall,
          minmay_misc_feat_plants

Skill      XL: |  1  2  3 |
---------------+----------+-----
Polearms       | 1 |  1.9
Charms         | 4 |  4.0
Dodging        | 3 |  3.0
Fighting       | |  2.4
Axes           | |  1.9
Armour         | |  0.6
Stealth        | |  0.6
Spellcasting   | |  2.1

Action                   || total
-------------------------++-------
Melee: Hand axe          ||    34
       Spear             ||    81
 Cast: Infusion          ||     7
  Use: Potion            ||     2
  Eat: Royal jelly       ||     1
       Chunk             ||     1
Armor: Leather armour    ||    23
Dodge: Dodged            ||    66

Table legend:
 A = Spawn XP
 B = Non-spawn XP
 C = Spawn XP percentage of total XP
 D = Spawn monster count
 E = Non-spawn monster count
 F = Spawn count percentage of total count
 G = Total turns spent on level
                    A         B        C        D         E        F      G
               +---------+---------+-------+---------+---------+-------+---------
         Total |       0 |      73 |   0.0 |       0 |      30 |   0.0 |  1345
               +---------+---------+-------+---------+---------+-------+---------
           D:1 |       0 |      34 |   0.0 |       0 |      19 |   0.0 |   938
           D:2 |       0 |      39 |   0.0 |       0 |      11 |   0.0 |   394
               +---------+---------+-------+---------+---------+-------+---------
